 Dungeon Crawl Stone Soup version 0.21-a0-274-gc1afaeb (webtiles) character file.

1224 tilp the Conjurer (level 8, -12/57 HPs)
             Began as a Hill Orc Fire Elementalist on Sept 19, 2017.
             Was a Follower of Okawaru.
             Shot with an arrow by a centaur (14 damage)
             ... on level 6 of the Dungeon.
             The game lasted 00:23:10 (7410 turns).

tilp the Conjurer (Hill Orc Fire Elementalist)      Turns: 7410, Time: 00:23:11

Health: -12/57     AC:  7    Str: 11    XL:     8   Next: 47%
Magic:  9/14       EV: 12    Int: 17    God:    Okawaru [*.....]
Gold:   259        SH:  0    Dex: 14    Spells: 5/15 levels left

rFire    . . .     SeeInvis +   H - +2 scimitar "Binina" {pain, rElec Dex+3}
rCold    . . .     Gourm    .   (no shield)
rNeg     . . .     Faith    .   d - +0 robe
rPois    .         Spirit   .   D - +1 helmet
rElec    +         Reflect  .   C - +1 cloak
rCorr    .         Harm     .   w - +0 pair of gloves
MR       +....                  (no boots)
Stlth    ++........             (no amulet)
HPRegen  0.19/turn              g - ring of see invisible
MPRegen  0.14/turn              k - ring of protection from magic

@: drained
A: no striking features
a: Heroism, Renounce Religion


You were on level 6 of the Dungeon.
You worshipped Okawaru.
Okawaru was aware of your devotion.
You were not hungry.

You visited 2 branches of the dungeon, and saw 7 of its levels.

You collected 385 gold pieces.
You spent 126 gold pieces at shops.

Inventory:

Hand Weapons
 a - a +2 short sword of venom
 u - a +0 short sword
 v - a +2 dagger of draining
 z - a +0 mace of holy wrath
 H - the +2 scimitar "Binina" (weapon) {pain, rElec Dex+3}
   (You found it on level 6 of the Dungeon)

   In the hands of one skilled in necromantic magic, it inflicts extra damage on
   living creatures.
   It affects your dexterity (+3).
   It insulates you from electricity.
Missiles
 q - 6 javelins (quivered)
 x - 2 tomahawks
Armour
 d - a +0 robe (worn)
 w - a +0 pair of gloves (worn)
 C - a +1 cloak (worn)
 D - a +1 helmet (worn)
 I - a cursed -1 chain mail
Jewellery
 g - a ring of see invisible (left hand)
 i - an uncursed ring of protection from fire
 k - a ring of protection from magic (right hand)
 A - a +2 ring of intelligence {unknown}
 K - an uncursed amulet of regeneration {unknown}
Scrolls
 n - a scroll of fog
 o - a scroll of magic mapping {unknown}
 t - a scroll of remove curse
 E - a scroll of amnesia {unknown}
 G - a scroll of random uselessness {unknown}
 J - a scroll of enchant weapon {unknown}
 L - a scroll of brand weapon {unknown}
Potions
 e - a potion of brilliance {unknown}
 j - 2 potions of curing
 l - 2 potions of agility
 m - a potion of heal wounds {unknown}
 p - a potion of lignification {unknown}
 r - a potion of flight {unknown}
 s - a potion of mutation {unknown}
 B - 3 potions of haste {unknown}
 F - 2 potions of magic
Books
 b - a book of Flames

   Spells                             Type                      Level
   a - Flame Tongue                   Conjuration/Fire             1
   b - Throw Flame                    Conjuration/Fire             2
   c - Conjure Flame                  Conjuration/Fire             3
   d - Inner Flame                    Hexes/Fire                   3
   e - Sticky Flame                   Conjuration/Fire             4
   f - Fireball                       Conjuration/Fire             5
Comestibles
 c - 6 bread rations
 f - a meat ration
 h - 4 royal jellies


   Skills:
 - Level 1.5(0.9) Dodging
 - Level 1.5(0.9) Stealth
 + Level 4.1(3.4) Spellcasting
 * Level 6.7(6.0) Conjurations
 + Level 6.5(5.8) Fire Magic


You had 5 spell levels left.
You knew the following spells:

 Your Spells              Type           Power        Failure   Level  Hunger
a - Flame Tongue          Conj/Fire      ###..        1%          1    None
b - Throw Flame           Conj/Fire      ###...       2%          2    ##.....
c - Conjure Flame         Conj/Fire      ###.....     4%          3    ###....
d - Sticky Flame          Conj/Fire      ###.....     14%         4    ####...


Dungeon Overview and Level Annotations

Branches:
Dungeon (6/15)             Temple (1/1) D:4

Altars:
Cheibriados
Dithmenos
Elyvilon
Fedhas
Gozag
Hepliaklqana
Makhleb
Nemelex Xobeh
Okawaru
Qazlal
Ru
Sif Muna
Trog
Uskayaw
Wu Jian
Xom
Yredelemnul
Zin
The Shining One

Shops:
D:4 [

Annotations:
D:2 Sigmund
D:4 2 transporters


Message History

Confirm with . or Enter, or press ? or * to list all spells.
Aiming: Flame Tongue
Press: ? - help, Shift-Dir - straight line, f/p - centaur
Aim: a centaur, wielding a shortbow (heavily wounded)
The flame tongue hits the centaur.
The centaur appears unharmed.
The centaur is heavily wounded.
The centaur shoots an arrow.
The arrow hits you!
The centaur shoots an arrow.
The arrow closely misses you.
A giant cockroach comes into view.
Unknown command.
As you read the scroll of fog, it crumbles to dust.
The scroll dissolves into smoke.
The centaur shoots an arrow.
The arrow closely misses you.
The centaur shoots an arrow.
The arrow hits you.
* * * LOW HITPOINT WARNING * * *
Unknown command.
The centaur shoots an arrow.
The arrow hits you!
* * * LOW HITPOINT WARNING * * *
You see here an arrow.
The centaur shoots an arrow.
The arrow hits you!
You die...

..#c#.#..§.################
.......)§§...............>#
.....§§§§§............#####
......§§§§......[.....#
......§§§c............#
......§§§§§...........#
...%...§§§§...........#
......§§§§§(..........#
...........a@.........#
......................#
......................#
.....................#
....................#
...)......................#
..........................#
..........................#
.......... ..............#


You could see a centaur and a worker ant.

Vanquished Creatures
  Eustachio (D:4)
  2 ice beasts (D:5)
  An orc warrior (D:5)
  An ogre (D:5)
  A scorpion (D:6)
  A howler monkey (D:5)
  4 hounds
  A jelly (D:6)
  An iguana (D:5)
  6 orc wizards
  A worker ant (D:5)
  A hound skeleton (D:6)
  7 gnolls (D:4)
  5 adders
  2 shadow imps (D:5)
  An ooze (D:1)
  An adder zombie (D:5)
  2 worms
  2 dart slugs
  5 leopard geckos
  21 orcs
  A ball python (D:4)
  4 giant cockroaches
  11 hobgoblins
  4 jackals (D:5)
  7 kobolds
  A quokka (D:4)
  5 bats
  5 frilled lizards (D:1)
  8 goblins
  9 rats
122 creatures vanquished.

Notes
Turn   | Place    | Note
-------+----------+-------------------------------------------
     0 | D:1      | tilp the Hill Orc Fire Elementalist began the quest for the Orb.
     0 | D:1      | Reached XP level 1. HP: 14/14 MP: 3/3
   277 | D:1      | Reached XP level 2. HP: 10/20 MP: 4/4
   798 | D:1      | Reached XP level 3. HP: 26/26 MP: 5/5
  1511 | D:2      | Learned a level 2 spell: Throw Flame
  1515 | D:2      | Learned a level 3 spell: Conjure Flame
  1754 | D:2      | Found a shimmering altar of Xom.
  2012 | D:2      | Reached XP level 4. HP: 33/33 MP: 2/7
  2139 | D:2      | Noticed Sigmund
  2997 | D:3      | Found a sparkling altar of Nemelex Xobeh.
  3204 | D:3      | Found a stormy altar of Qazlal.
  3356 | D:3      | Found a shadowy altar of Dithmenos.
  3359 | D:3      | Found a blossoming altar of Fedhas.
  3362 | D:3      | Found a glowing silver altar of Zin.
  3397 | D:4      | Reached XP level 5. HP: 15/38 MP: 4/8
  3758 | D:4      | Noticed Eustachio
  4148 | D:4      | Found a staircase to the Ecumenical Temple.
  4158 | Temple   | Entered the Ecumenical Temple
  4212 | Temple   | Became a worshipper of Warmaster Okawaru
  4428 | D:4      | Killed Eustachio
  4428 | D:4      | Reached skill level 5 in Fire Magic
  4428 | D:4      | Reached XP level 6. HP: 18/45 MP: 2/10
  4548 | D:4      | Learned a level 4 spell: Sticky Flame
  4885 | D:4      | Found Tadaziemm's Armour Shop.
  4893 | D:4      | Bought a +0 cloak for 63 gold pieces
  4893 | D:4      | Bought a +0 helmet for 63 gold pieces
  4991 | D:4      | Found a transporter.
  5032 | D:4      | Found a transporter.
  5345 | D:5      | Entered Level 5 of the Dungeon
  5564 | D:5      | Reached XP level 7. HP: 46/50 MP: 4/11
  5748 | D:5      | Reached skill level 5 in Conjurations
  5853 | D:5      | Reached * piety under Okawaru
  6288 | D:5      | Found a snail-covered altar of Cheibriados.
  6361 | D:5      | Reached XP level 8. HP: 43/57 MP: 13/13
  6929 | D:5      | Found an opulent altar of Gozag.
  7035 | D:6      | Got a brightly glowing scimitar
  7036 | D:6      | Identified the +2 scimitar "Binina" {pain, rElec Dex+3} (You found it on level 6 of the Dungeon)
  7409 | D:6      | HP: 2/57 [centaur/arrow (13)]
  7410 | D:6      | Shot with an arrow by a centaur

Vault maps used:
D:1:      scummos_arrival_simple_fountains, wad_floor_pattern_untrapped,
          kennysheep_nondescript
D:2:      xom_butterflies, uniq_sigmund
D:3:      nicolae_overflow_crystal_walls, grunt_temple_overflow_diamond,
          nemelex_xobeh_ov_fountains_minmay
D:4:      gammafunk_cloud_chamber, temple_green, first_bread, serial_shops,
          shop, serial_bayou_crossing, uniq_eustachio
D:5:      kennysheep_little_box, lemuel_doored_altar, grunt_decor_cap,
          grunt_decor_resistance
D:6:      cheibrodos_quashed, st_stairs_5
Temple:   minmay_temple_bridge_abc

Skill      XL: |  1  2  3  4  5  6  7  8 |
---------------+-------------------------+-----
Conjurations   | 2 3 4 5 6 |  6.7
Spellcasting   | 2 3 4 |  4.1
Fire Magic     | 4 5 6 |  6.5
Dodging        | |  1.5
Stealth        | |  1.5

Action                   |  1- 3 |  4- 6 |  7- 9 || total
-------------------------+-------+-------+-------++-------
Melee: Short sword       |   102 |   105 |    93 ||   300
       Dagger            |       |     2 |       ||     2
       Scimitar          |       |       |     9 ||     9
Throw: Javelin           |       |     7 |     4 ||    11
 Cast: Flame Tongue      |    22 |    59 |    45 ||   126
       Conjure Flame     |     1 |     6 |     7 ||    14
       Throw Flame       |     1 |     4 |     7 ||    12
       Sticky Flame      |       |     1 |     1 ||     2
  Use: Potion            |       |     1 |       ||     1
       Scroll            |       |       |     9 ||     9
 Stab: Sleeping          |     1 |     3 |     1 ||     5
  Eat: Chunk             |     3 |    14 |     6 ||    23
       Meat ration       |       |       |     1 ||     1
Armor: Robe              |    19 |    35 |    33 ||    87
Dodge: Dodged            |    83 |    86 |    50 ||   219
       Rpst.: Scimitar   |       |       |     2 ||     2

Table legend:
 A = Spawn XP
 B = Non-spawn XP
 C = Spawn XP percentage of total XP
 D = Spawn monster count
 E = Non-spawn monster count
 F = Spawn count percentage of total count
 G = Total turns spent on level
                    A         B        C        D         E        F      G
               +---------+---------+-------+---------+---------+-------+---------
         Total |       0 |    1749 |   0.0 |       0 |     122 |   0.0 |  7410
               +---------+---------+-------+---------+---------+-------+---------
           D:1 |       0 |      55 |   0.0 |       0 |      29 |   0.0 |  1549
           D:2 |       0 |      36 |   0.0 |       0 |      11 |   0.0 |  1190
           D:3 |       0 |      57 |   0.0 |       0 |      22 |   0.0 |   838
           D:4 |       0 |     397 |   0.0 |       0 |      16 |   0.0 |  1572
           D:5 |       0 |    1068 |   0.0 |       0 |      39 |   0.0 |  1629
           D:6 |       0 |     136 |   0.0 |       0 |       5 |   0.0 |   383
               +---------+---------+-------+---------+---------+-------+---------
